PITTSBURGH Penguins vs BOSTON Bruins

Created - 3 avril 2024 at 14:29

Goals
1 2 3 T
PITTSBURGH Penguins 1 3 0 4
BOSTON Bruins 0 0 1 1
Shots
1 2 3 T
PITTSBURGH Penguins 11 15 12 38
BOSTON Bruins 12 7 2 21

1st period

1. PITTSBURGH Penguins , Jake Guentzel 23 (Nate Schmidt 20, Gabriel Vilardi 12) at 10:20

Penalties :
Andrew Peeke (BOS) for Tripping (Minor) at 13:00, Andrew Peeke (BOS) for Hooking (Minor) at 17:49

2nd period

2. PITTSBURGH Penguins , Jordan Kyrou 24 (Jason Robertson 31, Thomas Chabot 26) at 3:12 (PP)
3. PITTSBURGH Penguins , Jesse Puljujarvi 6 (Barclay Goodrow 18, Patrik Laine 24) at 3:42
4. PITTSBURGH Penguins , Evgeni Malkin 16 (Adam Pelech 36, Gabriel Vilardi 13) at 9:15

Penalties :
Brad Hunt (BOS) for Hooking (Minor) at 1:58, Brad Marchand (BOS) for Hooking (Minor) at 9:22, Jordan Staal (PIT) for High sticking (Minor) at 15:17, Victor Hedman (BOS) for Tripping (Minor) at 19:03

3rd period

5. BOSTON Bruins , Blake Wheeler 7 (Matt Dumba 26) at 9:52

Penalties :
Brad Marchand (BOS) for Roughing (Minor) at 2:21, Matt Dumba (BOS) for Tripping (Minor) at 6:44, Brad Marchand (BOS) for High sticking (Minor) at 12:59

Goalie Stats

Cam Talbot (PIT), 20 saves from 21 shots - (0,952), W, 28-26-3, 60:00 minutes
Tristan Jarry (BOS), 34 saves from 38 shots - (0,895), L, 36-26-4, 60:00 minutes

Players Stats for PITTSBURGH Penguins

Player Name              G  A  P  +/- PIM S  H  SB GA TA FO     MP     PP MP  PK MP  
------------------------------------------------------------------------------------
Adam Pelech              0  1  1   1  0   4  0  1  0  0  0/0    23:34   7:38   1:00 
Alexander Volkov         0  0  0   0  0   0  0  0  0  0  0/0     6:08   0:00   0:34 
Barclay Goodrow          0  1  1   1  0   2  0  0  0  0  0/13   13:51   0:00   1:01 
Brandon Carlo            0  0  0   0  0   3  1  1  0  0  0/0    21:57   7:29   0:59 
Connor Clifton           0  0  0   1  0   1  3  5  0  0  0/0    14:29   0:00   0:00 
Evgeni Malkin            1  0  1   2  0   4  0  0  0  0  18/30  20:15   7:43   0:58 
Gabriel Vilardi          0  2  2   2  0   1  0  0  0  0  1/4    19:17   7:43   0:00 
Jake Guentzel            1  0  1   2  0   5  3  0  0  0  0/0    19:17   7:43   0:00 
Jason Robertson          0  1  1  -1  0   6  0  0  0  0  0/1    21:45   7:24   1:25 
Jesse Puljujarvi         1  0  1   1  0   1  1  0  0  0  0/1    12:50   0:00   0:00 
Jordan Kyrou             1  0  1  -1  0   3  0  0  0  0  1/2    20:20   7:24   0:00 
Jordan Staal             0  0  0  -1  2   1  3  0  0  0  15/27  20:19   7:24   0:00 
Nate Schmidt             0  1  1   0  0   3  1  1  0  0  0/0    21:57   7:29   0:59 
Patrik Laine             0  1  1   1  0   1  0  0  0  0  1/1    12:50   0:00   0:00 
Robert Bortuzzo          0  0  0   1  0   1  3  2  0  0  0/0    14:29   0:00   0:00 
Tanner Pearson           0  0  0   0  0   0  0  0  0  0  0/0     5:34   0:00   0:00 
Thomas Chabot            0  1  1   1  0   2  1  2  0  0  0/0    23:34   7:38   1:00 
Yakov Trenin             0  0  0   0  0   0  1  0  0  0  3/6     5:34   0:00   0:00 

Players Stats for BOSTON Bruins

Player Name              G  A  P  +/- PIM S  H  SB GA TA FO     MP     PP MP  PK MP  
------------------------------------------------------------------------------------
Adam Lowry               0  0  0   0  0   0  0  1  0  0  14/24  14:59   0:00   9:46 
Adrian Kempe             0  0  0   0  0   3  1  0  0  0  0/1    15:53   1:04   0:00 
Andrew Peeke             0  0  0   1  4   0  0  3  0  0  0/0    22:41   0:00   6:57 
Blake Wheeler            1  0  1   1  0   1  0  0  0  0  1/1    10:02   0:00   0:00 
Bo Horvat                0  0  0   0  0   3  0  0  0  0  11/21  15:53   1:04   0:00 
Brad Hunt                0  0  0  -1  2   2  0  1  0  0  0/0    10:59   0:00   0:31 
Brad Marchand            0  0  0   0  6   3  3  1  0  0  1/1    22:12   1:04   6:22 
Frank Vatrano            0  0  0  -3  0   3  1  0  0  0  0/0    15:49   0:55   2:04 
Jaycob Megna             0  0  0  -1  0   0  1  2  0  0  0/0    13:55   0:00   2:53 
Joel Eriksson Ek         0  0  0  -3  0   1  0  0  0  0  10/19  17:15   0:55   3:30 
Kirill Kaprizov          0  0  0  -3  0   2  0  0  0  0  1/1    13:54   1:04   0:00 
Matt Dumba               0  1  1   1  2   0  5  2  0  0  0/0    24:52   0:55   7:39 
Michael Pezzetta         0  0  0   0  0   0  0  0  0  0  0/0     5:13   0:00   0:00 
Nathan Walker            0  0  0   1  0   0  0  0  0  0  1/3    15:51   0:00   5:49 
Phil Kessel              0  0  0   0  0   0  0  1  0  0  0/0     5:13   0:00   0:00 
Shea Theodore            0  0  0  -2  0   1  2  0  0  0  0/0    23:23   0:55   6:22 
Tomas Hertl              0  0  0   1  0   2  0  0  0  0  7/14   12:48   0:55   1:51 
Victor Hedman            0  0  0  -2  2   0  5  3  0  0  0/0    23:53   1:04   6:44 

3 Stars

1 - Jake Guentzel (PIT)
2 - Gabriel Vilardi (PIT)
3 - Evgeni Malkin (PIT)

Power Play

PITTSBURGH Penguins - 1 on 8 Attempt(s) - 12,50%
BOSTON Bruins - 0 on 1 Attempt(s) - 0,00%

Penalty Kill

PITTSBURGH Penguins - 1 on 1 Attempt(s) - 100,00% - Score 0 goal in Penalty Kill
BOSTON Bruins - 7 on 8 Attempt(s) - 87,50% - Score 0 goal in Penalty Kill

Team Stat

PITTSBURGH Penguins - Hits : 17 - Faceoff Wins : 39 - Blocked Shots : 12 - Penalty Minutes : 2
BOSTON Bruins - Hits : 18 - Faceoff Wins : 46 - Blocked Shots : 14 - Penalty Minutes : 16

Official

Referees : Brian Pochmara and Pierre Lambert
Linesman : Kendall Hanley and Mark Shewchyk

Game Notes

No Game Note

Finance

Level 1 -- Attendance: 4479 (74,65%) -- Ticket Income $447,900
Level 2 -- Attendance: 3803 (76,06%) -- Ticket Income $228,180
Level 3 -- Attendance: 1847 (92,35%) -- Ticket Income $64,645
Level 4 -- Attendance: 4000 (100,00%) -- Ticket Income $80,000
Luxury Box -- Attendance: 784 (78,40%) -- Ticket Income $156,800
Game was played at the TD Garden.
Total Attendance: 14913 (82,85%)
Total Ticket Income: $977,525
Other Income: $244,381
Total Income: $1,221,906

PITTSBURGH Penguins

5 vs 5 Forward 
   Center                   Left Wing                Right Wing               Time % Phy DF OF 
 1 Jordan Staal             Jason Robertson          Jordan Kyrou             34     1   1  3  
 2 Evgeni Malkin            Jake Guentzel            Gabriel Vilardi          30     1   1  3  
 3 Barclay Goodrow          Patrik Laine             Jesse Puljujarvi         24     1   1  3  
 4 Yakov Trenin             Tanner Pearson           Alexander Volkov         12     1   3  1  

5 vs 5 Defense 
   Defense                  Defense                                           Time % Phy DF OF 
 1 Adam Pelech              Thomas Chabot                                     38     1   1  3  
 2 Brandon Carlo            Nate Schmidt                                      36     1   3  1  
 3 Connor Clifton           Robert Bortuzzo                                   26     1   4  0  
 4 Adam Pelech              Thomas Chabot                                     0      1   4  0  

PowerPlay Forward 
   Center                   Left Wing                Right Wing               Time % Phy DF OF 
 1 Jordan Staal             Jason Robertson          Jordan Kyrou             65     0   0  5  
 2 Evgeni Malkin            Jake Guentzel            Gabriel Vilardi          35     0   1  4  

PowerPlay Defense
   Defense                  Defense                                           Time % Phy DF OF 
 1 Adam Pelech              Thomas Chabot                                     65     0   0  5  
 2 Brandon Carlo            Nate Schmidt                                      35     0   1  4  

Penalty Kill 4 Players Forward 
   Center                   Wing                     Time % Phy DF OF 
 1 Jordan Staal             Jason Robertson          60     1   4  0  
 2 Evgeni Malkin            Jake Guentzel            40     0   5  0  

Penalty Kill 4 Players Defense
   Defense                  Defense                  Time % Phy DF OF 
 1 Adam Pelech              Thomas Chabot            60     1   4  0  
 2 Brandon Carlo            Nate Schmidt             40     1   4  0  

Penalty Kill - 3 Players Forward 
   Forward                                           Time % Phy DF OF 
 1 Jordan Staal                                      50     0   5  0  
 2 Evgeni Malkin                                     50     0   5  0  

Penalty Kill - 3 Players Defense
   Defense                  Defense                  Time % Phy DF OF 
 1 Adam Pelech              Thomas Chabot            70     1   4  0  
 2 Brandon Carlo            Nate Schmidt             30     1   4  0  

4 vs 4 Forward 
   Center                   Wing                     Time % Phy DF OF 
 1 Jordan Staal             Jason Robertson          60     0   2  3  
 2 Evgeni Malkin            Jake Guentzel            40     0   2  3  

4 vs 4 Defense
   Defense                  Defense                  Time % Phy DF OF 
 1 Adam Pelech              Thomas Chabot            58     1   2  2  
 2 Brandon Carlo            Nate Schmidt             42     1   2  2  

Last Minutes Offensive
   Center                   Left Wing                Right Wing               Defense                  Defense                  
   Jordan Staal             Jason Robertson          Jordan Kyrou             Adam Pelech              Thomas Chabot            

Last Minutes Defensive
   Center                   Left Wing                Right Wing               Defense                  Defense                  
   Jordan Staal             Jason Robertson          Jordan Kyrou             Adam Pelech              Thomas Chabot            

Goaltenders
Starting : Cam Talbot               
Backup : Elvis Merzlikins         

Extra Forwards
Normal : Evgeni Malkin, Patrik Laine, Barclay Goodrow - PP : Evgeni Malkin, Patrik Laine - PK : Evgeni Malkin
Extra Defensemen
Normal : Nate Schmidt, Connor Clifton, Robert Bortuzzo - PP : Nate Schmidt - PK : Nate Schmidt, Connor Clifton
Penalty Shots
Jason Robertson, Jake Guentzel, Jordan Kyrou, Jordan Staal, Evgeni Malkin

Scratches
None

BOSTON Bruins

5 vs 5 Forward 
   Center                   Left Wing                Right Wing               Time % Phy DF OF 
 1 Bo Horvat                Brad Marchand            Adrian Kempe             38     1   2  2  
 2 Joel Eriksson Ek         Kirill Kaprizov          Frank Vatrano            34     1   2  2  
 3 Tomas Hertl              Nathan Walker            Blake Wheeler            20     1   2  2  
 4 Adam Lowry               Michael Pezzetta         Phil Kessel              8      1   2  2  

5 vs 5 Defense 
   Defense                  Defense                                           Time % Phy DF OF 
 1 Victor Hedman            Shea Theodore                                     43     1   2  2  
 2 Andrew Peeke             Matt Dumba                                        41     1   3  1  
 3 Jaycob Megna             Brad Hunt                                         16     2   2  1  
 4 Victor Hedman            Shea Theodore                                     0      1   2  2  

PowerPlay Forward 
   Center                   Left Wing                Right Wing               Time % Phy DF OF 
 1 Bo Horvat                Brad Marchand            Adrian Kempe             60     1   2  2  
 2 Tomas Hertl              Joel Eriksson Ek         Frank Vatrano            40     1   2  2  

PowerPlay Defense
   Defense                  Defense                                           Time % Phy DF OF 
 1 Victor Hedman            Kirill Kaprizov                                   60     1   2  2  
 2 Matt Dumba               Shea Theodore                                     40     1   2  2  

Penalty Kill 4 Players Forward 
   Center                   Wing                     Time % Phy DF OF 
 1 Adam Lowry               Brad Marchand            60     1   2  2  
 2 Joel Eriksson Ek         Andrew Peeke             40     1   2  2  

Penalty Kill 4 Players Defense
   Defense                  Defense                  Time % Phy DF OF 
 1 Victor Hedman            Andrew Peeke             60     1   2  2  
 2 Matt Dumba               Shea Theodore            40     1   2  2  

Penalty Kill - 3 Players Forward 
   Forward                                           Time % Phy DF OF 
 1 Adam Lowry                                        60     1   2  2  
 2 Joel Eriksson Ek                                  40     1   2  2  

Penalty Kill - 3 Players Defense
   Defense                  Defense                  Time % Phy DF OF 
 1 Victor Hedman            Andrew Peeke             60     1   2  2  
 2 Matt Dumba               Shea Theodore            40     1   2  2  

4 vs 4 Forward 
   Center                   Wing                     Time % Phy DF OF 
 1 Bo Horvat                Brad Marchand            60     1   2  2  
 2 Joel Eriksson Ek         Adrian Kempe             40     1   2  2  

4 vs 4 Defense
   Defense                  Defense                  Time % Phy DF OF 
 1 Victor Hedman            Shea Theodore            60     1   2  2  
 2 Andrew Peeke             Matt Dumba               40     1   2  2  

Last Minutes Offensive
   Center                   Left Wing                Right Wing               Defense                  Defense                  
   Bo Horvat                Kirill Kaprizov          Andrew Peeke             Victor Hedman            Shea Theodore            

Last Minutes Defensive
   Center                   Left Wing                Right Wing               Defense                  Defense                  
   Bo Horvat                Brad Marchand            Adrian Kempe             Victor Hedman            Andrew Peeke             

Goaltenders
Starting : Tristan Jarry            
Backup : Casey DeSmith            

Extra Forwards
Normal : Kirill Kaprizov, Tomas Hertl, Brad Marchand - PP : Kirill Kaprizov, Tomas Hertl - PK : Adam Lowry
Extra Defensemen
Normal : Victor Hedman, Shea Theodore, Matt Dumba - PP : Victor Hedman - PK : Andrew Peeke, Victor Hedman
Penalty Shots
Bo Horvat, Adrian Kempe, Kirill Kaprizov, Tomas Hertl, Brad Marchand

Scratches
None


% Time on Ice - PITTSBURGH Penguins

Lines # - Real PCT - Wanted PCT - Time Play
Normal Forward
1 - 30% - 34% - 12:56
2 - 27% - 30% - 11:34
3 - 30% - 24% - 12:50
4 - 13% - 12% - 5:34
Normal Defense
1 - 35% - 38% - 14:56
2 - 31% - 36% - 13:29
3 - 34% - 26% - 14:29
4 - 0% - 0% - 0:00
PP Forward
1 - 49% - 65% - 7:24
2 - 51% - 35% - 7:43
PP Defense
1 - 50% - 65% - 7:38
2 - 50% - 35% - 7:29
PK Forward
1 - 100% - 60% - 1:59
2 - 0% - 40% - 0:00
PK Defense
1 - 50% - 60% - 1:00
2 - 50% - 40% - 0:59
PK3 Forward
1 - 0% - 50%
2 - 0% - 50%
PK3 Defense
1 - 0% - 70%
2 - 0% - 30%
44 Forward
1 - 0% - 60%
2 - 0% - 40%
44 Defense
1 - 0% - 58%
2 - 0% - 42%
Last Minute Offensive  - 0:00
Last Minute Defensive  - 0:00
Total
Forward - 60:00
Defense - 60:00

% Time on Ice - BOSTON Bruins

Lines # - Real PCT - Wanted PCT - Time Play
Normal Forward
1 - 35% - 38% - 14:49
2 - 30% - 34% - 12:50
3 - 23% - 20% - 10:02
4 - 12% - 8% - 5:13
Normal Defense
1 - 38% - 43% - 16:06
2 - 38% - 41% - 16:30
3 - 24% - 16% - 10:18
4 - 0% - 0% - 0:00
PP Forward
1 - 54% - 60% - 1:04
2 - 46% - 40% - 0:55
PP Defense
1 - 54% - 60% - 1:04
2 - 46% - 40% - 0:55
PK Forward
1 - 77% - 60% - 11:37
2 - 23% - 40% - 3:30
PK Defense
1 - 64% - 60% - 9:38
2 - 36% - 40% - 5:29
PK3 Forward
1 - 0% - 60%
2 - 0% - 40%
PK3 Defense
1 - 0% - 60%
2 - 0% - 40%
44 Forward
1 - 0% - 60%
2 - 0% - 40%
44 Defense
1 - 0% - 60%
2 - 0% - 40%
Last Minute Offensive  - 0:00
Last Minute Defensive  - 0:00
Total
Forward - 60:00
Defense - 60:00

Play-by-Play

1st period


0:01 of 1st period - Bo Horvat wins face-off versus Jordan Staal in neutral zone.
0:13 of 1st period - Shot by Jason Robertson.
0:13 of 1st period - Stopped by Tristan Jarry without a rebound.
0:14 of 1st period - Evgeni Malkin wins face-off versus Joel Eriksson Ek in BOSTON Bruins zone.
0:32 of 1st period - Shot by Kirill Kaprizov.
0:32 of 1st period - Shot Blocked by Brandon Carlo.
0:34 of 1st period - Shot by Joel Eriksson Ek.
0:34 of 1st period - Shot Misses the Net.
0:46 of 1st period - Shot by Kirill Kaprizov.
0:46 of 1st period - Shot Misses the Net.
1:55 of 1st period - Icing by Nate Schmidt.
1:56 of 1st period - Bo Horvat wins face-off versus Evgeni Malkin in PITTSBURGH Penguins zone.
2:03 of 1st period - Shot by Bo Horvat.
2:03 of 1st period - Shot Misses the Net.
2:05 of 1st period - Shot by Adrian Kempe.
2:05 of 1st period - Shot Misses the Net.
2:11 of 1st period - Shot by Brad Marchand.
2:11 of 1st period - Shot Misses the Net.
2:21 of 1st period - Shot by Brad Marchand.
2:21 of 1st period - Stopped by Cam Talbot without a rebound.
2:22 of 1st period - Jordan Staal wins face-off versus Adam Lowry in PITTSBURGH Penguins zone.
2:30 of 1st period - Icing by Michael Pezzetta.
2:31 of 1st period - Adam Lowry wins face-off versus Jesse Puljujarvi in BOSTON Bruins zone.
2:39 of 1st period - Andrew Peeke is hit by Connor Clifton and loses puck.
5:30 of 1st period - Off-side.
5:31 of 1st period - Yakov Trenin wins face-off versus Bo Horvat in neutral zone.
6:11 of 1st period - Shot by Bo Horvat.
6:11 of 1st period - Stopped by Cam Talbot without a rebound.
6:12 of 1st period - Tomas Hertl wins face-off versus Barclay Goodrow in PITTSBURGH Penguins zone.
6:19 of 1st period - Shot by Connor Clifton.
6:19 of 1st period - Stopped by Tristan Jarry without a rebound.
6:20 of 1st period - Blake Wheeler wins face-off versus Barclay Goodrow in BOSTON Bruins zone.
6:35 of 1st period - Shot by Barclay Goodrow.
6:35 of 1st period - Stopped by Tristan Jarry without a rebound.
6:36 of 1st period - Joel Eriksson Ek wins face-off versus Evgeni Malkin in BOSTON Bruins zone.
6:47 of 1st period - Shot by Frank Vatrano.
6:47 of 1st period - Stopped by Cam Talbot without a rebound.
6:48 of 1st period - Bo Horvat wins face-off versus Barclay Goodrow in PITTSBURGH Penguins zone.
6:50 of 1st period - Adrian Kempe is hit by Robert Bortuzzo and loses puck.
7:13 of 1st period - Icing by Andrew Peeke.
7:14 of 1st period - Bo Horvat wins face-off versus Yakov Trenin in BOSTON Bruins zone.
7:21 of 1st period - Shot by Brad Marchand.
7:21 of 1st period - Stopped by Cam Talbot without a rebound.
7:22 of 1st period - Jordan Staal wins face-off versus Joel Eriksson Ek in PITTSBURGH Penguins zone.
7:31 of 1st period - Shot by Joel Eriksson Ek.
7:31 of 1st period - Shot Blocked by Thomas Chabot.
7:33 of 1st period - Shot by Frank Vatrano.
7:33 of 1st period - Stopped by Cam Talbot without a rebound.
7:34 of 1st period - Yakov Trenin wins face-off versus Bo Horvat in PITTSBURGH Penguins zone.
7:57 of 1st period - Shot by Adrian Kempe.
7:57 of 1st period - Stopped by Cam Talbot with a rebound.
7:59 of 1st period - Shot by Adrian Kempe.
7:59 of 1st period - Shot Misses the Net.
8:01 of 1st period - Shot by Andrew Peeke.
8:01 of 1st period - Shot Misses the Net.
8:03 of 1st period - Shot by Andrew Peeke.
8:03 of 1st period - Shot Misses the Net.
8:12 of 1st period - Bo Horvat is hit by Robert Bortuzzo and loses puck.
8:19 of 1st period - Shot by Brad Marchand.
8:19 of 1st period - Shot Blocked by Robert Bortuzzo.
8:38 of 1st period - Joel Eriksson Ek is hit by Connor Clifton and loses puck.
9:01 of 1st period - Shot by Kirill Kaprizov.
9:01 of 1st period - Shot Blocked by Connor Clifton.
9:21 of 1st period - Shot by Tomas Hertl.
9:21 of 1st period - Stopped by Cam Talbot without a rebound.
9:22 of 1st period - Jordan Staal wins face-off versus Tomas Hertl in PITTSBURGH Penguins zone.
9:26 of 1st period - Adam Pelech is hit by Jaycob Megna.
9:41 of 1st period - Off-side.
9:42 of 1st period - Evgeni Malkin wins face-off versus Bo Horvat in neutral zone.
9:59 of 1st period - Shot by Bo Horvat.
9:59 of 1st period - Shot Misses the Net.
10:06 of 1st period - Icing by Nate Schmidt.
10:07 of 1st period - Evgeni Malkin wins face-off versus Joel Eriksson Ek in PITTSBURGH Penguins zone.
10:16 of 1st period - Shot by Gabriel Vilardi.
10:16 of 1st period - Shot Blocked by Victor Hedman.
10:18 of 1st period - Shot by Nate Schmidt.
10:18 of 1st period - Shot Misses the Net.
10:20 of 1st period - Shot by Jake Guentzel.
10:20 of 1st period - Goal by Jake Guentzel - PITTSBURGH Penguins : 1 - BOSTON Bruins : 0.
10:21 of 1st period - Tomas Hertl wins face-off versus Jordan Staal in neutral zone.
10:42 of 1st period - Shot by Adam Pelech.
10:42 of 1st period - Stopped by Tristan Jarry without a rebound.
10:43 of 1st period - Joel Eriksson Ek wins face-off versus Barclay Goodrow in BOSTON Bruins zone.
10:52 of 1st period - Shot by Joel Eriksson Ek.
10:52 of 1st period - Shot Misses the Net.
11:13 of 1st period - Joel Eriksson Ek is hit by Jesse Puljujarvi and loses puck.
11:23 of 1st period - Icing by Nate Schmidt.
11:24 of 1st period - Bo Horvat wins face-off versus Barclay Goodrow in PITTSBURGH Penguins zone.
11:57 of 1st period - Shot by Brad Marchand.
11:57 of 1st period - Stopped by Cam Talbot without a rebound.
11:58 of 1st period - Jordan Kyrou wins face-off versus Tomas Hertl in PITTSBURGH Penguins zone.
12:21 of 1st period - Shot by Jordan Kyrou.
12:21 of 1st period - Deflect By Jason Robertson.
12:21 of 1st period - Stopped by Tristan Jarry without a rebound.
12:22 of 1st period - Joel Eriksson Ek wins face-off versus Evgeni Malkin in BOSTON Bruins zone.
12:37 of 1st period - Shot by Joel Eriksson Ek.
12:37 of 1st period - Deflect By Kirill Kaprizov.
12:37 of 1st period - Stopped by Cam Talbot without a rebound.
12:38 of 1st period - Bo Horvat wins face-off versus Jordan Staal in PITTSBURGH Penguins zone.
13:00 of 1st period - Minor Penalty to Andrew Peeke for Tripping.
13:01 of 1st period - Gabriel Vilardi wins face-off versus Adam Lowry in BOSTON Bruins zone.
13:01 of 1st period - Nate Schmidt is hit by Matt Dumba and loses puck.
13:33 of 1st period - Shot by Gabriel Vilardi.
13:33 of 1st period - Shot Misses the Net.
13:35 of 1st period - Shot by Gabriel Vilardi.
13:35 of 1st period - Shot Misses the Net.
13:39 of 1st period - Shot by Jake Guentzel.
13:39 of 1st period - Stopped by Tristan Jarry without a rebound.
13:40 of 1st period - Joel Eriksson Ek wins face-off versus Jordan Staal in BOSTON Bruins zone.
14:58 of 1st period - Shot by Evgeni Malkin.
14:58 of 1st period - Stopped by Tristan Jarry without a rebound.
14:59 of 1st period - Jordan Staal wins face-off versus Adam Lowry in BOSTON Bruins zone.
15:00 of 1st period - Shot by Jordan Kyrou.
15:00 of 1st period - Shot Blocked by Adam Lowry.
15:16 of 1st period - Shot by Robert Bortuzzo.
15:16 of 1st period - Stopped by Tristan Jarry without a rebound.
15:17 of 1st period - Joel Eriksson Ek wins face-off versus Yakov Trenin in BOSTON Bruins zone.
15:17 of 1st period - Joel Eriksson Ek is hit by Yakov Trenin.
15:33 of 1st period - Shot by Adam Pelech.
15:33 of 1st period - Shot Misses the Net.
15:41 of 1st period - Shot by Joel Eriksson Ek.
15:41 of 1st period - Shot Misses the Net.
15:43 of 1st period - Shot by Kirill Kaprizov.
15:43 of 1st period - Stopped by Cam Talbot with a rebound.
15:45 of 1st period - Shot by Brad Hunt.
15:45 of 1st period - Stopped by Cam Talbot with a rebound.
15:47 of 1st period - Shot by Frank Vatrano.
15:47 of 1st period - Shot Misses the Net.
15:49 of 1st period - Shot by Jaycob Megna.
15:49 of 1st period - Shot Misses the Net.
15:51 of 1st period - Shot by Frank Vatrano.
15:51 of 1st period - Stopped by Cam Talbot without a rebound.
15:52 of 1st period - Evgeni Malkin wins face-off versus Bo Horvat in PITTSBURGH Penguins zone.
15:56 of 1st period - Icing by Nate Schmidt.
15:57 of 1st period - Evgeni Malkin wins face-off versus Bo Horvat in PITTSBURGH Penguins zone.
15:57 of 1st period - Evgeni Malkin is hit by Brad Marchand.
16:05 of 1st period - Victor Hedman is hit by Jake Guentzel and loses puck.
16:11 of 1st period - Jake Guentzel is hit by Victor Hedman and loses puck.
16:32 of 1st period - Shot by Jake Guentzel.
16:32 of 1st period - Deflect By Evgeni Malkin.
16:32 of 1st period - Shot Misses the Net.
16:34 of 1st period - Shot by Nate Schmidt.
16:34 of 1st period - Shot Blocked by Victor Hedman.
16:36 of 1st period - Shot by Brandon Carlo.
16:36 of 1st period - Shot Blocked by Victor Hedman.
16:53 of 1st period - Jason Robertson is hit by Victor Hedman and loses puck.
17:05 of 1st period - Jason Robertson is hit by Victor Hedman and loses puck.
17:08 of 1st period - Shot by Jordan Staal.
17:08 of 1st period - Shot Misses the Net.
17:10 of 1st period - Shot by Jason Robertson.
17:10 of 1st period - Stopped by Tristan Jarry without a rebound.
17:11 of 1st period - Joel Eriksson Ek wins face-off versus Barclay Goodrow in BOSTON Bruins zone.
17:49 of 1st period - Minor Penalty to Andrew Peeke for Hooking.
17:50 of 1st period - Adam Lowry wins face-off versus Jordan Staal in BOSTON Bruins zone.
19:22 of 1st period - Shot by Jake Guentzel.
19:22 of 1st period - Shot Misses the Net.
19:57 of 1st period - Shot by Patrik Laine.
19:57 of 1st period - Shot Misses the Net.
19:59 of 1st period - Shot by Barclay Goodrow.
19:59 of 1st period - Stopped by Tristan Jarry without a rebound.
Goals for this period are 1 for PITTSBURGH Penguins vs 0 for BOSTON Bruins.
Shots for this period are 11 for PITTSBURGH Penguins vs 12 for BOSTON Bruins.

2nd period


0:01 of 2nd period - Bo Horvat wins face-off versus Jordan Staal in neutral zone.
0:18 of 2nd period - Shot by Adrian Kempe.
0:18 of 2nd period - Shot Misses the Net.
0:38 of 2nd period - Shot by Adrian Kempe.
0:38 of 2nd period - Stopped by Cam Talbot without a rebound.
0:39 of 2nd period - Joel Eriksson Ek wins face-off versus Evgeni Malkin in PITTSBURGH Penguins zone.
0:39 of 2nd period - Joel Eriksson Ek is hit by Brandon Carlo.
1:01 of 2nd period - Shot by Evgeni Malkin.
1:01 of 2nd period - Shot Hit the Post.
1:03 of 2nd period - Shot by Brandon Carlo.
1:03 of 2nd period - Stopped by Tristan Jarry without a rebound.
1:04 of 2nd period - Nathan Walker wins face-off versus Barclay Goodrow in BOSTON Bruins zone.
1:14 of 2nd period - Icing by Jaycob Megna.
1:15 of 2nd period - Tomas Hertl wins face-off versus Jordan Staal in BOSTON Bruins zone.
1:15 of 2nd period - Tomas Hertl is hit by Jordan Staal.
1:27 of 2nd period - Shot by Jason Robertson.
1:27 of 2nd period - Shot Misses the Net.
1:29 of 2nd period - Shot by Jordan Staal.
1:29 of 2nd period - Shot Blocked by Brad Hunt.
1:31 of 2nd period - Shot by Adam Pelech.
1:31 of 2nd period - Shot Misses the Net.
1:33 of 2nd period - Shot by Jordan Staal.
1:33 of 2nd period - Shot Misses the Net.
1:58 of 2nd period - Minor Penalty to Brad Hunt for Hooking.
1:59 of 2nd period - Adam Lowry wins face-off versus Evgeni Malkin in BOSTON Bruins zone.
2:20 of 2nd period - Shot by Brandon Carlo.
2:20 of 2nd period - Stopped by Tristan Jarry with a rebound.
3:02 of 2nd period - Shot by Jordan Kyrou.
3:02 of 2nd period - Shot Blocked by Andrew Peeke.
3:04 of 2nd period - Shot by Adam Pelech.
3:04 of 2nd period - Stopped by Tristan Jarry without a rebound.
3:05 of 2nd period - Jordan Staal wins face-off versus Joel Eriksson Ek in BOSTON Bruins zone.
3:12 of 2nd period - Shot by Jordan Kyrou.
3:12 of 2nd period - Goal by Jordan Kyrou - PITTSBURGH Penguins : 2 - BOSTON Bruins : 0.
3:13 of 2nd period - Kirill Kaprizov wins face-off versus Barclay Goodrow in neutral zone.
3:16 of 2nd period - Shot by Joel Eriksson Ek.
3:16 of 2nd period - Shot Blocked by Connor Clifton.
3:42 of 2nd period - Shot by Jesse Puljujarvi.
3:42 of 2nd period - Goal by Jesse Puljujarvi - PITTSBURGH Penguins : 3 - BOSTON Bruins : 0.
3:43 of 2nd period - Evgeni Malkin wins face-off versus Tomas Hertl in neutral zone.
5:30 of 2nd period - Icing by Andrew Peeke.
5:31 of 2nd period - Bo Horvat wins face-off versus Barclay Goodrow in BOSTON Bruins zone.
5:45 of 2nd period - Off-side.
5:46 of 2nd period - Evgeni Malkin wins face-off versus Joel Eriksson Ek in neutral zone.
6:04 of 2nd period - Shot by Kirill Kaprizov.
6:04 of 2nd period - Shot Blocked by Thomas Chabot.
6:06 of 2nd period - Shot by Frank Vatrano.
6:06 of 2nd period - Shot Misses the Net.
6:08 of 2nd period - Shot by Kirill Kaprizov.
6:08 of 2nd period - Deflect By Joel Eriksson Ek.
6:08 of 2nd period - Stopped by Cam Talbot without a rebound.
6:09 of 2nd period - Jordan Staal wins face-off versus Adam Lowry in PITTSBURGH Penguins zone.
6:20 of 2nd period - Shot by Nate Schmidt.
6:20 of 2nd period - Shot Blocked by Phil Kessel.
7:13 of 2nd period - Shot by Bo Horvat.
7:13 of 2nd period - Stopped by Cam Talbot without a rebound.
7:14 of 2nd period - Evgeni Malkin wins face-off versus Joel Eriksson Ek in PITTSBURGH Penguins zone.
7:14 of 2nd period - Evgeni Malkin is hit by Frank Vatrano.
7:30 of 2nd period - Shot by Jake Guentzel.
7:30 of 2nd period - Stopped by Tristan Jarry without a rebound.
7:31 of 2nd period - Bo Horvat wins face-off versus Barclay Goodrow in BOSTON Bruins zone.
7:47 of 2nd period - Patrik Laine is hit by Brad Marchand and loses puck.
7:55 of 2nd period - Icing by Andrew Peeke.
7:56 of 2nd period - Evgeni Malkin wins face-off versus Bo Horvat in BOSTON Bruins zone.
8:09 of 2nd period - Shot by Evgeni Malkin.
8:09 of 2nd period - Stopped by Tristan Jarry without a rebound.
8:10 of 2nd period - Joel Eriksson Ek wins face-off versus Jordan Staal in BOSTON Bruins zone.
8:10 of 2nd period - Joel Eriksson Ek is hit by Jordan Staal.
8:36 of 2nd period - Shot by Jordan Kyrou.
8:36 of 2nd period - Shot Misses the Net.
8:38 of 2nd period - Shot by Brandon Carlo.
8:38 of 2nd period - Shot Misses the Net.
9:01 of 2nd period - Icing by Victor Hedman.
9:02 of 2nd period - Evgeni Malkin wins face-off versus Joel Eriksson Ek in BOSTON Bruins zone.
9:09 of 2nd period - Shot by Evgeni Malkin.
9:09 of 2nd period - Shot Misses the Net.
9:11 of 2nd period - Shot by Evgeni Malkin.
9:11 of 2nd period - Shot Misses the Net.
9:13 of 2nd period - Shot by Gabriel Vilardi.
9:13 of 2nd period - Shot Misses the Net.
9:15 of 2nd period - Shot by Adam Pelech.
9:15 of 2nd period - Deflect By Evgeni Malkin.
9:15 of 2nd period - Goal by Evgeni Malkin - PITTSBURGH Penguins : 4 - BOSTON Bruins : 0.
9:16 of 2nd period - Bo Horvat wins face-off versus Barclay Goodrow in neutral zone.
9:22 of 2nd period - Minor Penalty to Brad Marchand for Hooking.
9:23 of 2nd period - Adam Lowry wins face-off versus Evgeni Malkin in BOSTON Bruins zone.
9:23 of 2nd period - Adam Lowry is hit by Jake Guentzel.
10:17 of 2nd period - Adam Pelech is hit by Matt Dumba and loses puck.
10:36 of 2nd period - Shot by Jordan Kyrou.
10:36 of 2nd period - Stopped by Tristan Jarry with a rebound.
10:38 of 2nd period - Shot by Nate Schmidt.
10:38 of 2nd period - Stopped by Tristan Jarry without a rebound.
10:39 of 2nd period - Adam Lowry wins face-off versus Jordan Kyrou in BOSTON Bruins zone.
11:47 of 2nd period - Shot by Patrik Laine.
11:47 of 2nd period - Stopped by Tristan Jarry without a rebound.
11:48 of 2nd period - Yakov Trenin wins face-off versus Joel Eriksson Ek in BOSTON Bruins zone.
12:55 of 2nd period - Shea Theodore is hit by Jake Guentzel and loses puck.
13:16 of 2nd period - Shot by Bo Horvat.
13:16 of 2nd period - Shot Blocked by Robert Bortuzzo.
13:24 of 2nd period - Shot by Shea Theodore.
13:24 of 2nd period - Stopped by Cam Talbot without a rebound.
13:25 of 2nd period - Jordan Staal wins face-off versus Nathan Walker in PITTSBURGH Penguins zone.
13:34 of 2nd period - Shot by Jason Robertson.
13:34 of 2nd period - Shot Misses the Net.
13:50 of 2nd period - Shot by Brad Hunt.
13:50 of 2nd period - Stopped by Cam Talbot without a rebound.
13:51 of 2nd period - Adam Lowry wins face-off versus Barclay Goodrow in PITTSBURGH Penguins zone.
14:35 of 2nd period - Barclay Goodrow is hit by Victor Hedman and loses puck.
14:49 of 2nd period - Gabriel Vilardi is hit by Victor Hedman.
15:00 of 2nd period - Icing by Gabriel Vilardi.
15:01 of 2nd period - Evgeni Malkin wins face-off versus Bo Horvat in PITTSBURGH Penguins zone.
15:01 of 2nd period - Jake Guentzel is hit by Brad Marchand and loses puck.
15:15 of 2nd period - Icing by Andrew Peeke.
15:16 of 2nd period - Brad Marchand wins face-off versus Jason Robertson in BOSTON Bruins zone.
15:16 of 2nd period - Andrew Peeke is hit by Jordan Staal and loses puck.
15:17 of 2nd period - Minor Penalty to Jordan Staal for High sticking.
15:18 of 2nd period - Evgeni Malkin wins face-off versus Bo Horvat in PITTSBURGH Penguins zone.
15:35 of 2nd period - Shot by Adrian Kempe.
15:35 of 2nd period - Stopped by Cam Talbot without a rebound.
15:36 of 2nd period - Evgeni Malkin wins face-off versus Tomas Hertl in PITTSBURGH Penguins zone.
16:13 of 2nd period - Shot by Joel Eriksson Ek.
16:13 of 2nd period - Shot Misses the Net.
16:15 of 2nd period - Shot by Matt Dumba.
16:15 of 2nd period - Shot Misses the Net.
16:17 of 2nd period - Shot by Joel Eriksson Ek.
16:17 of 2nd period - Shot Blocked by Adam Pelech.
16:36 of 2nd period - Adrian Kempe is hit by Thomas Chabot and loses puck.
17:17 of 2nd period - Shot by Tomas Hertl.
17:17 of 2nd period - Stopped by Cam Talbot without a rebound.
17:18 of 2nd period - Adam Lowry wins face-off versus Gabriel Vilardi in PITTSBURGH Penguins zone.
17:58 of 2nd period - Shot by Jake Guentzel.
17:58 of 2nd period - Stopped by Tristan Jarry without a rebound.
17:59 of 2nd period - Tomas Hertl wins face-off versus Yakov Trenin in BOSTON Bruins zone.
18:17 of 2nd period - Thomas Chabot is hit by Matt Dumba and loses puck.
19:03 of 2nd period - Minor Penalty to Victor Hedman for Tripping.
19:04 of 2nd period - Evgeni Malkin wins face-off versus Adam Lowry in BOSTON Bruins zone.
19:15 of 2nd period - Shot by Jake Guentzel.
19:15 of 2nd period - Shot Blocked by Matt Dumba.
19:17 of 2nd period - Shot by Jake Guentzel.
19:17 of 2nd period - Stopped by Tristan Jarry without a rebound.
19:18 of 2nd period - Jordan Staal wins face-off versus Adam Lowry in BOSTON Bruins zone.
19:21 of 2nd period - Shot by Jordan Staal.
19:21 of 2nd period - Shot Hit the Post.
19:29 of 2nd period - Shot by Thomas Chabot.
19:29 of 2nd period - Stopped by Tristan Jarry with a rebound.
19:31 of 2nd period - Shot by Jordan Staal.
19:31 of 2nd period - Shot Blocked by Jaycob Megna.
19:35 of 2nd period - Shot by Thomas Chabot.
19:35 of 2nd period - Stopped by Tristan Jarry without a rebound.
19:36 of 2nd period - Adam Lowry wins face-off versus Evgeni Malkin in BOSTON Bruins zone.
19:44 of 2nd period - Icing by Brandon Carlo.
19:45 of 2nd period - Evgeni Malkin wins face-off versus Adam Lowry in PITTSBURGH Penguins zone.
19:57 of 2nd period - Shot by Brandon Carlo.
19:57 of 2nd period - Shot Blocked by Matt Dumba.
19:59 of 2nd period - Shot by Nate Schmidt.
19:59 of 2nd period - Shot Misses the Net.
Goals for this period are 3 for PITTSBURGH Penguins vs 0 for BOSTON Bruins.
Shots for this period are 15 for PITTSBURGH Penguins vs 7 for BOSTON Bruins.

3rd period


0:01 of 3rd period - Jordan Staal wins face-off versus Adam Lowry in neutral zone.
0:12 of 3rd period - Icing by Adam Pelech.
0:13 of 3rd period - Jordan Staal wins face-off versus Adam Lowry in PITTSBURGH Penguins zone.
1:37 of 3rd period - Shot by Joel Eriksson Ek.
1:37 of 3rd period - Shot Blocked by Connor Clifton.
1:39 of 3rd period - Shot by Victor Hedman.
1:39 of 3rd period - Shot Hit the Post.
1:41 of 3rd period - Shot by Joel Eriksson Ek.
1:41 of 3rd period - Shot Blocked by Connor Clifton.
2:12 of 3rd period - Icing by Evgeni Malkin.
2:13 of 3rd period - Evgeni Malkin wins face-off versus Bo Horvat in PITTSBURGH Penguins zone.
2:21 of 3rd period - Minor Penalty to Brad Marchand for Roughing.
2:22 of 3rd period - Jordan Staal wins face-off versus Adam Lowry in BOSTON Bruins zone.
2:27 of 3rd period - Shot by Adam Pelech.
2:27 of 3rd period - Shot Blocked by Andrew Peeke.
2:29 of 3rd period - Shot by Adam Pelech.
2:29 of 3rd period - Stopped by Tristan Jarry without a rebound.
2:30 of 3rd period - Jordan Staal wins face-off versus Nathan Walker in BOSTON Bruins zone.
2:32 of 3rd period - Jason Robertson is hit by Matt Dumba.
4:06 of 3rd period - Icing by Jake Guentzel.
4:07 of 3rd period - Adam Lowry wins face-off versus Gabriel Vilardi in PITTSBURGH Penguins zone.
5:00 of 3rd period - Shot by Bo Horvat.
5:00 of 3rd period - Stopped by Cam Talbot with a rebound.
5:41 of 3rd period - Joel Eriksson Ek is hit by Robert Bortuzzo and loses puck.
6:44 of 3rd period - Minor Penalty to Matt Dumba for Tripping.
6:45 of 3rd period - Adam Lowry wins face-off versus Evgeni Malkin in BOSTON Bruins zone.
7:14 of 3rd period - Shot by Nate Schmidt.
7:14 of 3rd period - Shot Misses the Net.
7:16 of 3rd period - Shot by Brandon Carlo.
7:16 of 3rd period - Stopped by Tristan Jarry without a rebound.
7:17 of 3rd period - Tomas Hertl wins face-off versus Jordan Staal in BOSTON Bruins zone.
7:28 of 3rd period - Shot by Adam Pelech.
7:28 of 3rd period - Stopped by Tristan Jarry with a rebound.
7:30 of 3rd period - Shot by Jordan Staal.
7:30 of 3rd period - Shot Blocked by Brad Marchand.
7:32 of 3rd period - Shot by Jason Robertson.
7:32 of 3rd period - Stopped by Tristan Jarry with a rebound.
7:42 of 3rd period - Shot by Jordan Staal.
7:42 of 3rd period - Shot Misses the Net.
9:32 of 3rd period - Connor Clifton is hit by Shea Theodore and loses puck.
9:40 of 3rd period - Off-side.
9:41 of 3rd period - Tomas Hertl wins face-off versus Jordan Staal in neutral zone.
9:52 of 3rd period - Shot by Blake Wheeler.
9:52 of 3rd period - Goal by Blake Wheeler - PITTSBURGH Penguins : 4 - BOSTON Bruins : 1.
9:53 of 3rd period - Joel Eriksson Ek wins face-off versus Evgeni Malkin in neutral zone.
10:06 of 3rd period - Shot by Kirill Kaprizov.
10:06 of 3rd period - Shot Misses the Net.
10:08 of 3rd period - Shot by Joel Eriksson Ek.
10:08 of 3rd period - Shot Misses the Net.
10:14 of 3rd period - Shot by Victor Hedman.
10:14 of 3rd period - Shot Misses the Net.
10:30 of 3rd period - Shot by Kirill Kaprizov.
10:30 of 3rd period - Shot Blocked by Nate Schmidt.
10:46 of 3rd period - Icing by Bo Horvat.
10:47 of 3rd period - Jordan Staal wins face-off versus Adrian Kempe in BOSTON Bruins zone.
11:20 of 3rd period - Shot by Jordan Staal.
11:20 of 3rd period - Stopped by Tristan Jarry without a rebound.
11:21 of 3rd period - Tomas Hertl wins face-off versus Barclay Goodrow in BOSTON Bruins zone.
12:41 of 3rd period - Jason Robertson is hit by Shea Theodore and loses puck.
12:59 of 3rd period - Minor Penalty to Brad Marchand for High sticking.
13:00 of 3rd period - Adam Lowry wins face-off versus Evgeni Malkin in BOSTON Bruins zone.
13:15 of 3rd period - Shot by Evgeni Malkin.
13:15 of 3rd period - Stopped by Tristan Jarry without a rebound.
13:16 of 3rd period - Adam Lowry wins face-off versus Evgeni Malkin in BOSTON Bruins zone.
14:20 of 3rd period - Shot by Nate Schmidt.
14:20 of 3rd period - Stopped by Tristan Jarry without a rebound.
14:21 of 3rd period - Jordan Staal wins face-off versus Tomas Hertl in BOSTON Bruins zone.
14:28 of 3rd period - Shot by Jordan Kyrou.
14:28 of 3rd period - Stopped by Tristan Jarry without a rebound.
14:29 of 3rd period - Adam Lowry wins face-off versus Jordan Staal in BOSTON Bruins zone.
14:53 of 3rd period - Shot by Jason Robertson.
14:53 of 3rd period - Shot Misses the Net.
14:55 of 3rd period - Shot by Nate Schmidt.
14:55 of 3rd period - The goal is going for a video replay.
14:55 of 3rd period - The goal is refused.
14:56 of 3rd period - Adam Lowry wins face-off versus Gabriel Vilardi in BOSTON Bruins zone.
15:02 of 3rd period - Icing by Jesse Puljujarvi.
15:03 of 3rd period - Patrik Laine wins face-off versus Bo Horvat in PITTSBURGH Penguins zone.
15:07 of 3rd period - Jesse Puljujarvi is hit by Adrian Kempe and loses puck.
15:16 of 3rd period - Shot by Barclay Goodrow.
15:16 of 3rd period - Shot Blocked by Jaycob Megna.
15:18 of 3rd period - Shot by Patrik Laine.
15:18 of 3rd period - Shot Misses the Net.
15:36 of 3rd period - Shot by Bo Horvat.
15:36 of 3rd period - Shot Blocked by Connor Clifton.
15:45 of 3rd period - Off-side.
15:46 of 3rd period - Jordan Staal wins face-off versus Joel Eriksson Ek in neutral zone.
15:52 of 3rd period - Joel Eriksson Ek is hit by Nate Schmidt and loses puck.
16:34 of 3rd period - Off-side.
16:35 of 3rd period - Bo Horvat wins face-off versus Evgeni Malkin in neutral zone.
17:27 of 3rd period - Icing by Thomas Chabot.
17:28 of 3rd period - Evgeni Malkin wins face-off versus Tomas Hertl in PITTSBURGH Penguins zone.
17:58 of 3rd period - Shot by Jordan Kyrou.
17:58 of 3rd period - Shot Blocked by Andrew Peeke.
18:00 of 3rd period - Shot by Jordan Kyrou.
18:00 of 3rd period - Shot Misses the Net.
18:02 of 3rd period - Shot by Jason Robertson.
18:02 of 3rd period - Stopped by Tristan Jarry with a rebound.
18:04 of 3rd period - Shot by Jason Robertson.
18:04 of 3rd period - Shot Misses the Net.
18:24 of 3rd period - Shot by Jason Robertson.
18:24 of 3rd period - Stopped by Tristan Jarry with a rebound.
18:35 of 3rd period - Matt Dumba is hit by Connor Clifton and loses puck.
18:57 of 3rd period - Barclay Goodrow is hit by Matt Dumba.
19:18 of 3rd period - Icing by Andrew Peeke.
19:19 of 3rd period - Evgeni Malkin wins face-off versus Tomas Hertl in BOSTON Bruins zone.
19:24 of 3rd period - Shot by Gabriel Vilardi.
19:24 of 3rd period - Stopped by Tristan Jarry with a rebound.
19:51 of 3rd period - Off-side.
19:52 of 3rd period - Joel Eriksson Ek wins face-off versus Jordan Staal in neutral zone.
Goals for this period are 0 for PITTSBURGH Penguins vs 1 for BOSTON Bruins.
Shots for this period are 12 for PITTSBURGH Penguins vs 2 for BOSTON Bruins. Output by the SimonT Hockey Simulator (STHS) for Martin Benoit - Original Page W3C HTML5 Valid
Hockey Simulator - Hockey Simulation - Hockey Manager